 Dungeon Crawl Stone Soup version 0.26-a0-412-ga3d1f51b (webtiles) character file.

Game seed: 5337641257189613386

240 Illumine the Chopper (level 5, -2/44 HPs)
             Began as a Palentonga Fighter on July 23, 2020.
             Was a Follower of Makhleb.
             Killed by divine providence
             ... invoked by an orc priest
              (8 damage)
             ... on level 3 of the Dungeon.
             The game lasted 00:01:56 (2270 turns).

Illumine the Chopper (Palentonga Fighter)           Turns: 2270, Time: 00:01:57

Health: -2/44      AC:  6    Str: 20    XL:     5   Next: 79%
Magic:  6/6        EV:  6    Int:  8    God:    Makhleb [*.....]
Gold:   210        SH: 14    Dex: 10    Spells: 4/4 levels left

rFire    . . .     SeeInvis +   a - +0 war axe
rCold    . . .     Faith    .   c - +0 kite shield
rNeg     . . .     Spirit   .   f - +0 ring mail (curse)
rPois    .         Reflect  +   (no helmet)
rElec    .         Harm     .   (no cloak)
rCorr    .                      (no gloves)
MR       .....                  (boots restricted)
Stlth    ..........             l - amulet of reflection
HPRegen  0.14/turn              (no ring)
MPRegen  0.10/turn              (no ring)

@: mighty
A: large, rugged brown scales 3, see invisible, deformed body, roll, armoured
tail
a: Rolling Charge, Renounce Religion


You were on level 3 of the Dungeon.
You worshipped Makhleb.
Makhleb was aware of your devotion.
You visited 1 branch of the dungeon, and saw 3 of its levels.

You collected 210 gold pieces.

Inventory:

Hand Weapons
 a - a +0 war axe (weapon)
Armour
 b - a +0 scale mail
 c - a +0 kite shield (worn)
 f - a cursed +0 ring mail (worn)
Jewellery
 h - an uncursed amulet of guardian spirit {unknown}
 l - an amulet of reflection (around neck)
 n - an uncursed ring of flight {unknown}
 o - an uncursed amulet of faith {unknown}
Wands
 s - a wand of random effects (16)
Scrolls
 g - 2 scrolls of remove curse {unknown}
 k - 4 scrolls of identify {unknown}
 q - a scroll of random uselessness {unknown}
 r - a scroll of fear {unknown}
 u - 2 scrolls of enchant weapon {unknown}
Potions
 d - a potion of might
 e - a potion of flight {unknown}
 i - a potion of haste {unknown}
 j - a potion of degeneration {unknown}
 m - 3 potions of curing {unknown}
 p - a potion of lignification {unknown}
 t - a potion of cancellation {unknown}


   Skills:
 + Level 3.9 Fighting
 * Level 4.0 Axes
 + Level 3.1 Armour
 + Level 3.2 Shields
 + Level 1.5 Invocations


You had 4 spell levels left.
You didn't know any spells.
Your spell library was empty.

Dungeon Overview and Level Annotations

Branches:
Dungeon (3/15)

Altars:
Fedhas
Gozag
Makhleb
Okawaru
Ru
Vehumet
Wu Jian
Xom


Innate Abilities, Weirdness & Mutations

You are completely covered in rugged brown scales. (AC +3, +7% HP)
You have supernaturally acute eyesight. (SInv)
Armour fits poorly on your strangely shaped body.
You can roll at foes to attack.
You have a long armoured tail.


Message History

Beogh smites you!
* * * LOW HITPOINT WARNING * * *
Things that are here:
a +0 mace; an orc corpse
Okay, then.
Things that are here:
a +0 mace; an orc corpse
Things that are here:
a +0 mace; an orc corpse You feel very mighty all of a sudden.
The orc hits you but does no damage.
Things that are here:
a +0 mace; an orc corpse You slash the orc!
You kill the orc!
Makhleb accepts your kill.
Your Axes skill increases to level 4!
The orc priest calls down the wrath of Beogh upon you.
Beogh smites you!
You die...

### ... #.# ##+# #.#
##...# #[# #.....# #†# ##
.......## ##.##### ..
.......o####......##.####.
#....o@[..(............
#....####...##.##.###..
##..## ##.###.# .. #.#
#####.# ## ## ##...##
#.##..# #.#...# #.#.#.#
#### ##...##


You could see an orc priest and an orc.

Vanquished Creatures
  An orc priest (D:3)
  An orc wizard (D:3)
  Terence (D:3)
  Natasha (thrice) (D:2)
  3 adders (D:2)
  2 worms (D:2)
  A dart slug (D:3)
  2 leopard geckos
  5 orcs (D:3)
  2 giant cockroaches
  5 goblins
  5 hobgoblins
  4 bats
  4 frilled lizards
  4 kobolds
  7 rats
50 creatures vanquished.

Notes
Turn   | Place    | Note
-------+----------+-------------------------------------------
     0 | D:1      | Illumine the Palentonga Fighter began the quest for the
                  | Orb.
     0 | D:1      | Reached XP level 1. HP: 19/19 MP: 1/1
   280 | D:1      | Reached XP level 2. HP: 25/25 MP: 2/2
   811 | D:2      | Found a sacrificial altar of Ru.
   817 | D:2      | Found a blossoming altar of Fedhas.
   818 | D:2      | Found a burning altar of Makhleb.
   820 | D:2      | Found an opulent altar of Gozag.
   821 | D:2      | Found an iron altar of Okawaru.
   822 | D:2      | Found a shimmering altar of Xom.
   825 | D:2      | Became a worshipper of Makhleb the Destroyer
   886 | D:2      | Reached XP level 3. HP: 31/31 MP: 3/3
   915 | D:2      | Found an ornate altar of the Wu Jian Council.
  1211 | D:2      | Reached skill level 3 in Axes
  1346 | D:2      | Found a radiant altar of Vehumet.
  1479 | D:2      | Noticed Natasha
  1482 | D:2      | Reached XP level 4. HP: 37/37 MP: 4/4
  1490 | D:2      | Killed Natasha
  1598 | D:2      | Noticed Natasha
  1608 | D:2      | Killed Natasha
  1781 | D:2      | Noticed Natasha
  1788 | D:2      | Killed Natasha
  1788 | D:2      | Reached skill level 1 in Invocations
  1788 | D:2      | Reached XP level 5. HP: 40/43 MP: 5/5
  2049 | D:3      | Noticed Terence
  2064 | D:3      | Killed Terence
  2184 | D:3      | Reached * piety under Makhleb
  2270 | D:3      | Reached skill level 4 in Axes
  2270 | D:3      | Killed from afar by an orc priest

Illustrated notes

Levels and vault maps discovered:
D:1:      dpeg_arrival_long_road, layout_loops_ring
D:2:      layout_loops_cross, lemuel_round_altar, fiery_altar_vehumet,
          minitemple, st_stairs_3, uniq_natasha
D:3:      layout_loops_corners, yredelemnul_forgotten_temple_becter,
          st_stairs_10, trog_book, uniq_terence, uniq_crazy_yiuf_cottage,
          uniq_grinder

Skill      XL: |  1  2  3  4  5 |
---------------+----------------+-----
Axes           | 3 4 |  4.0
Shields        | 3 |  3.2
Armour         | 3 |  3.1
Invocations    | 1 |  1.5
Fighting       | |  3.9

Action                   |  1- 3 |  4- 6 || total
-------------------------+-------+-------++-------
Melee: War axe           |    81 |    56 ||   137
       Tailslap          |     8 |    11 ||    19
  Use: Potion            |       |     1 ||     1
Armor: Scale mail        |     5 |       ||     5
       Ring mail         |    21 |    13 ||    34
Dodge: Dodged            |    11 |     6 ||    17
Block: Kite shield       |    65 |    46 ||   111
       Reflection        |     1 |     1 ||     2

Table legend: (Time is in decaauts)
 A = Elapsed time spent in this place.
 B = Non-inter-level travel time spent in this place.
 C = Inter-level travel time spent in this place.
 D = Time resting spent in this place.
 E = Time spent auto-exploring this place.
 F = Levels seen in this place.
 G = Mean time per level.
                   A        B        C        D        E       F      G
               +--------+--------+--------+--------+--------+-----+--------+
         Total |   2343 |   2255 |     88 |    212 |   1583 |   3 |  781.0 |
       Dungeon |   2343 |   2255 |     88 |    212 |   1583 |   3 |  781.0 |
               +--------+--------+--------+--------+--------+-----+--------+

Top non-repeatable levels by time:
     D:2: 1107 daAuts
     D:1: 775 daAuts
     D:3: 460 daAuts
